| TOP OF THE 1ST |
|
Amarillo ThunderHeads batting - Pitching for Palm Beach Nationals : RHP Kiyonaga Nakamura
|
|
Pitching: RHP Kiyonaga Nakamura
|
|
|
Batting: SHB Zack Barton
|
0-0: Ball 1-0: Ball 2-0: Called Strike 2-1: Called Strike 2-2: Fly out, F4 (Line Drive, 4, EV 70.6 MPH)
|
|
Batting: RHB Ron Squires
|
0-0: Ball 1-0: Ball 2-0: Foul Ball, location: 2F 2-1: Fly out, F8 (Flyball, 8RD, EV 102.5 MPH)
|
|
Batting: RHB Jerry Foster
|
0-0: SINGLE (Line Drive, 56D, EV 98.8 MPH)
|
|
Batting: LHB Santino Pisanello
|
0-0: Ball Jerry Foster steals 2nd base 1-0: Ball 2-0: SINGLE (Groundball, 4D, EV 100.6 MPH) Jerry Foster to third Runner from 3rd tries for Home, SAFE, throw by CF to home
|
|
Batting: RHB Eric Camillo
|
0-0: Ball 1-0: Fly out, F9 (Flyball, 9D, EV 85.0 MPH)
|
| Top of the 1st over - 1 run, 2 hits, 0 errors, 1 left on base; Amarillo 1 - Palm Beach 0 |
| BOTTOM OF THE 1ST |
|
Palm Beach Nationals batting - Pitching for Amarillo ThunderHeads : RHP Jose Vela
|
|
Pitching: RHP Jose Vela
|
|
|
Batting: LHB Chris Williams
|
0-0: Ball 1-0: Ball 2-0: Ball 3-0: Called Strike 3-1: Foul Ball, location: 2F 3-2: Fly out, F9 (Flyball, 9, EV 88.1 MPH)
|
|
Batting: RHB Taffounnout Kame
|
0-0: Called Strike 0-1: Swinging Strike 0-2: Ball 1-2: Ball 2-2: Foul Ball, location: 2F 2-2: Strikes out swinging
|
|
Batting: LHB Vince McLane
|
0-0: Ball 1-0: Fly out, F9 (Flyball, 89S, EV 90.0 MPH)
|
| Bottom of the 1st over - 0 runs, 0 hits, 0 errors, 0 left on base; Amarillo 1 - Palm Beach 0 |
| TOP OF THE 2ND |
|
Amarillo ThunderHeads batting - Pitching for Palm Beach Nationals : RHP Kiyonaga Nakamura
|
|
Batting: RHB Eric Juarez
|
0-0: Foul Ball, location: 2F 0-1: Ground out 6-3 (Groundball, 6, EV 103.8 MPH)
|
|
Batting: RHB Josh Shoemaker
|
0-0: Ball 1-0: Ball 2-0: Ground out 6-3 (Groundball, 6, EV 83.8 MPH)
|
|
Batting: SHB Tyler Romo
|
0-0: Called Strike 0-1: SINGLE (Groundball, 6D, EV 97.5 MPH)
|
|
Batting: RHB John Carbonneau
|
0-0: Called Strike Tyler Romo steals 2nd base 0-1: Ball 1-1: Ball 2-1: Ball 3-1: Foul Ball, location: 2F 3-2: DOUBLE (Line Drive, 9LM, EV 102.5 MPH) Tyler Romo scores
|
|
Batting: SHB Zack Barton
|
0-0: Ball 1-0: Called Strike 1-1: TRIPLE (Line Drive, 8RXD, EV 108.8 MPH) John Carbonneau scores
|
|
Batting: RHB Ron Squires
|
0-0: Foul Ball, location: 2F 0-1: Ball 1-1: Ball 2-1: Ball 3-1: Base on Balls
|
|
Batting: RHB Jerry Foster
|
0-0: Ball 1-0: Ball 2-0: Ball 3-0: Called Strike Balk! Zack Barton scores Ron Squires to second 3-1: Called Strike 3-2: Base on Balls
|
|
Batting: LHB Santino Pisanello
|
0-0: Ball 1-0: SINGLE (Groundball, 56D, EV 105.0 MPH) Ron Squires to third Jerry Foster to second Runner from 3rd tries for Home, throw by LF and OUT! 7-2
|
| Top of the 2nd over - 3 runs, 4 hits, 0 errors, 2 left on base; Amarillo 4 - Palm Beach 0 |
| BOTTOM OF THE 2ND |
|
Palm Beach Nationals batting - Pitching for Amarillo ThunderHeads : RHP Jose Vela
|
|
Batting: RHB Er Le
|
0-0: Called Strike 0-1: Fly out, F8 (Line Drive, 89M, EV 94.4 MPH)
|
|
Batting: RHB Jelexiz Cuenca
|
0-0: Ball 1-0: Swinging Strike 1-1: Foul Ball, location: 2F 1-2: Ball 2-2: Foul Ball, location: 2F 2-2: Foul Ball, location: 2F 2-2: Strikes out swinging
|
|
Batting: RHB Steve Kunselman
|
0-0: Called Strike 0-1: Foul Ball, location: 2F 0-2: Strikes out swinging
|
| Bottom of the 2nd over - 0 runs, 0 hits, 0 errors, 0 left on base; Amarillo 4 - Palm Beach 0 |
| TOP OF THE 3RD |
|
Amarillo ThunderHeads batting - Pitching for Palm Beach Nationals : RHP Kiyonaga Nakamura
|
|
Batting: RHB Eric Camillo
|
0-0: Ground out 4-3 (Groundball, 4, EV 86.2 MPH)
|
|
Batting: RHB Eric Juarez
|
0-0: Ball 1-0: Ball 2-0: Foul Ball, location: 2F 2-1: Ground out 5-3 (Groundball, 5S, EV 60.0 MPH)
|
|
Batting: RHB Josh Shoemaker
|
0-0: Ball 1-0: Ball 2-0: Foul Ball, location: 2F 2-1: SINGLE (Line Drive, 89M, EV 105.6 MPH)
|
|
Batting: SHB Tyler Romo
|
0-0: Called Strike Josh Shoemaker steals 2nd base 0-1: Ball 1-1: Ball 2-1: Ball Wild Pitch! Josh Shoemaker to third 3-1: Foul Ball, location: 2F 3-2: Base on Balls
|
|
Batting: RHB John Carbonneau
|
0-0: 3-RUN HOME RUN (Flyball, 7LD, EV 102.5 MPH), Distance : 380 ft
|
|
Batting: SHB Zack Barton
|
0-0: Ball 1-0: Called Strike 1-1: Ball 2-1: Ball 3-1: Foul Ball, location: 2F 3-2: Foul Ball, location: 2F 3-2: Base on Balls
|
|
Pitching: RHP Vasag Semerjian
|
|
|
Batting: RHB Ron Squires
|
0-0: Ball Zack Barton steals 2nd base (no throw) 1-0: Ball 2-0: Ball 3-0: Called Strike 3-1: Base on Balls
|
|
Batting: RHB Jerry Foster
|
0-0: Ball 1-0: Swinging Strike 1-1: SINGLE (Flyball, 89S, EV 97.5 MPH) Zack Barton to third Ron Squires to second Runner from 3rd tries for Home, SAFE, throw by CF to home
|
|
Batting: LHB Santino Pisanello
|
0-0: Fielders Choice at 2nd, 5-4 (Groundball, 5D, EV 79.4 MPH)
|
| Top of the 3rd over - 4 runs, 3 hits, 0 errors, 2 left on base; Amarillo 8 - Palm Beach 0 |
| BOTTOM OF THE 3RD |
|
Palm Beach Nationals batting - Pitching for Amarillo ThunderHeads : RHP Jose Vela
|
|
Batting: RHB Jessie Fisher
|
0-0: Called Strike 0-1: SINGLE (Groundball, 56D, EV 98.8 MPH)
|
|
Batting: RHB Kenny Ball
|
0-0: Ball 1-0: Ball 2-0: Fly out, F9 (Flyball, 89S, EV 83.1 MPH)
|
|
Batting: SHB John Husson
|
0-0: Foul Ball, location: 2F 0-1: Foul Ball, location: 2F 0-2: Ball 1-2: Grounds into double play, 4-6-3 (Groundball, 34, EV 87.5 MPH)
|
| Bottom of the 3rd over - 0 runs, 1 hit, 0 errors, 0 left on base; Amarillo 8 - Palm Beach 0 |
| TOP OF THE 4TH |
|
Amarillo ThunderHeads batting - Pitching for Palm Beach Nationals : RHP Vasag Semerjian
|
|
Batting: RHB Eric Camillo
|
0-0: Swinging Strike 0-1: Foul Ball, location: 2F 0-2: Ball 1-2: Ground out 6-3 (Groundball, 6, EV 78.8 MPH)
|
|
Batting: RHB Eric Juarez
|
0-0: Called Strike 0-1: Called Strike 0-2: Foul Ball, location: 2F 0-2: Ball 1-2: Ball 2-2: SINGLE (Line Drive, 9S, EV 92.5 MPH)
|
|
Batting: RHB Josh Shoemaker
|
0-0: Ball 1-0: Ball 2-0: Reached on error, E7 (Line Drive, 7, EV 100.0 MPH) Eric Juarez to second
|
|
Batting: SHB Tyler Romo
|
0-0: Called Strike 0-1: Swinging Strike 0-2: Foul Ball, location: 2F 0-2: Ball 1-2: Ball 2-2: Foul Ball, location: 2F 2-2: Strikes out swinging
|
|
Batting: RHB John Carbonneau
|
0-0: Ball 1-0: Ball 2-0: Foul Ball, location: 2F 2-1: Fielders Choice at 2nd, 6-4 (Groundball, 6, EV 87.5 MPH)
|
| Top of the 4th over - 0 runs, 1 hit, 1 error, 2 left on base; Amarillo 8 - Palm Beach 0 |
| BOTTOM OF THE 4TH |
|
Palm Beach Nationals batting - Pitching for Amarillo ThunderHeads : RHP Jose Vela
|
|
Batting: LHB Chris Williams
|
0-0: Ball 1-0: Called Strike 1-1: SINGLE (Groundball, 6M, EV 99.4 MPH)
|
|
Batting: RHB Taffounnout Kame
|
0-0: Called Strike 0-1: Ball Chris Williams is caught stealing 2nd base 2-4 1-1: Foul Ball, location: 2F 1-2: Ball 2-2: Foul Ball, location: 2F 2-2: Ground out 5-3 (Groundball, 56, EV 85.6 MPH)
|
|
Batting: LHB Vince McLane
|
0-0: Foul Ball, location: 2F 0-1: Foul Ball, location: 2F 0-2: Ball 1-2: Ball 2-2: Foul Ball, location: 2F 2-2: Ball 3-2: Base on Balls
|
|
Batting: RHB Er Le
|
0-0: Called Strike 0-1: Ball 1-1: Called Strike 1-2: Strikes out swinging
|
| Bottom of the 4th over - 0 runs, 1 hit, 0 errors, 1 left on base; Amarillo 8 - Palm Beach 0 |
| TOP OF THE 5TH |
|
Amarillo ThunderHeads batting - Pitching for Palm Beach Nationals : RHP Vasag Semerjian
|
|
Batting: SHB Zack Barton
|
0-0: Swinging Strike 0-1: Ball 1-1: Foul Ball, location: 2F 1-2: Ground out 4-3 (Groundball, 4, EV 88.1 MPH)
|
|
Batting: RHB Ron Squires
|
0-0: Called Strike 0-1: Called Strike 0-2: Fly out, F8 (Flyball, 8LM, EV 92.5 MPH)
|
|
Batting: RHB Jerry Foster
|
0-0: Swinging Strike 0-1: Ball 1-1: Ball 2-1: Foul Ball, location: 2F 2-2: Ball 3-2: SOLO HOME RUN (Flyball, 7D, EV 105.0 MPH), Distance : 419 ft
|
|
Batting: LHB Santino Pisanello
|
0-0: Called Strike 0-1: SOLO HOME RUN (Flyball, 9D, EV 98.8 MPH), Distance : 360 ft
|
|
Batting: RHB Eric Camillo
|
0-0: Ball 1-0: Ball 2-0: Ball 3-0: Base on Balls
|
|
Pitching: RHP Mike Hamilton
|
|
|
Batting: RHB Eric Juarez
|
0-0: Ball 1-0: Foul Ball, location: 2F 1-1: Foul Ball, location: 2F 1-2: Strikes out swinging
|
| Top of the 5th over - 2 runs, 2 hits, 0 errors, 1 left on base; Amarillo 10 - Palm Beach 0 |
| BOTTOM OF THE 5TH |
|
Palm Beach Nationals batting - Pitching for Amarillo ThunderHeads : RHP Jose Vela
|
|
Batting: RHB Jelexiz Cuenca
|
0-0: Ball 1-0: Fly out, F9 (Flyball, 89S, EV 88.1 MPH)
|
|
Batting: RHB Steve Kunselman
|
0-0: Called Strike 0-1: Ball 1-1: Swinging Strike 1-2: Ball 2-2: Fly out, F9 (Flyball, 9D, EV 98.1 MPH)
|
|
Batting: RHB Jessie Fisher
|
0-0: Ball 1-0: Swinging Strike 1-1: Ball 2-1: Fly out, F9 (Flyball, 9S, EV 82.5 MPH)
|
| Bottom of the 5th over - 0 runs, 0 hits, 0 errors, 0 left on base; Amarillo 10 - Palm Beach 0 |
| TOP OF THE 6TH |
|
Amarillo ThunderHeads batting - Pitching for Palm Beach Nationals : RHP Mike Hamilton
|
|
Batting: RHB Josh Shoemaker
|
0-0: Reached on error, E6 (Groundball, 6, EV 88.8 MPH)
|
|
Batting: SHB Tyler Romo
|
0-0: Ball 1-0: Ball 2-0: Ball 3-0: Called Strike 3-1: Fielders Choice at 2nd, 4-6 (Groundball, 4, EV 81.2 MPH)
|
|
Batting: RHB John Carbonneau
|
0-0: Fly out, F7 (Flyball, 7, EV 95.6 MPH)
|
|
Batting: SHB Zack Barton
|
0-0: Foul Ball, location: 2F 0-1: Ball 1-1: Ground out U3 (Groundball, 34, EV 98.1 MPH)
|
| Top of the 6th over - 0 runs, 0 hits, 1 error, 1 left on base; Amarillo 10 - Palm Beach 0 |
| BOTTOM OF THE 6TH |
|
Palm Beach Nationals batting - Pitching for Amarillo ThunderHeads : RHP Jose Vela
|
|
Batting: RHB Kenny Ball
|
0-0: Called Strike 0-1: Foul Ball, location: 2F 0-2: Foul Ball, location: 2F 0-2: Foul Ball, location: 2F 0-2: Ground out 6-3 (Groundball, 56, EV 99.4 MPH)
|
|
Batting: SHB John Husson
|
0-0: Ground out 4-3 (Groundball, 4, EV 92.5 MPH)
|
|
Batting: LHB Chris Williams
|
0-0: Called Strike 0-1: Ball 1-1: Ball 2-1: Ball 3-1: Base on Balls
|
|
Batting: RHB Taffounnout Kame
|
0-0: Ball 1-0: Ball 2-0: Foul Ball, location: 2F 2-1: Called Strike Chris Williams steals 2nd base 2-2: Fly out, F7 (Line Drive, 7LM, EV 94.4 MPH)
|
| Bottom of the 6th over - 0 runs, 0 hits, 0 errors, 1 left on base; Amarillo 10 - Palm Beach 0 |
| TOP OF THE 7TH |
|
Amarillo ThunderHeads batting - Pitching for Palm Beach Nationals : RHP Mike Hamilton
|
|
Pinch Hitting: RHB Sam Voss
|
0-0: Ball 1-0: Ball 2-0: Ball 3-0: Called Strike 3-1: Ground out 6-3 (Groundball, 6, EV 91.9 MPH)
|
|
Batting: RHB Jerry Foster
|
0-0: Ball 1-0: Ball 2-0: Called Strike 2-1: Called Strike 2-2: Foul Ball, location: 2F 2-2: Ball 3-2: Base on Balls
|
|
Batting: LHB Santino Pisanello
|
0-0: Ball 1-0: Fly out, F6 (Line Drive, 6D, EV 59.4 MPH)
|
|
Batting: RHB Eric Camillo
|
0-0: Called Strike 0-1: Ball 1-1: Ball 2-1: Foul Ball, location: 2F 2-2: Strikes out swinging
|
| Top of the 7th over - 0 runs, 0 hits, 0 errors, 1 left on base; Amarillo 10 - Palm Beach 0 |
| BOTTOM OF THE 7TH |
|
Palm Beach Nationals batting - Pitching for Amarillo ThunderHeads : RHP Jose Vela
|
|
Now at SS: Bill Flannery
|
|
|
Batting: LHB Vince McLane
|
0-0: Ball 1-0: Ground out 4-3 (Groundball, 4, EV 98.1 MPH)
|
|
Batting: RHB Er Le
|
0-0: Foul Ball, location: 2F 0-1: Ball 1-1: Ball 2-1: Foul Ball, location: 2F 2-2: Strikes out swinging
|
|
Pinch Hitting: RHB Aaron Bateman
|
0-0: Swinging Strike 0-1: Called Strike 0-2: Ball 1-2: Ball 2-2: Foul Ball, location: 2F 2-2: Fly out, F4 (Popup, 34, EV 66.2 MPH)
|
| Bottom of the 7th over - 0 runs, 0 hits, 0 errors, 0 left on base; Amarillo 10 - Palm Beach 0 |
| TOP OF THE 8TH |
|
Amarillo ThunderHeads batting - Pitching for Palm Beach Nationals : RHP Mike Hamilton
|
|
Now at 2B: Aaron Bateman
|
|
|
Now at 3B: Taffounnout Kame
|
|
|
Batting: RHB Eric Juarez
|
0-0: Ball 1-0: SINGLE (Groundball, 34D, EV 97.5 MPH)
|
|
Batting: RHB Josh Shoemaker
|
0-0: Called Strike 0-1: Ball 1-1: Fly out, F8 (Flyball, 78D, EV 105.0 MPH)
|
|
Batting: SHB Tyler Romo
|
0-0: Ball 1-0: Called Strike 1-1: Foul Ball, location: 2F 1-2: Ball 2-2: Fly out, F8 (Line Drive, 8RS, EV 98.8 MPH) Lined into DP, 8-3 (Line Drive, 8RS, EV 98.8 MPH)
|
| Top of the 8th over - 0 runs, 1 hit, 0 errors, 0 left on base; Amarillo 10 - Palm Beach 0 |
| BOTTOM OF THE 8TH |
|
Palm Beach Nationals batting - Pitching for Amarillo ThunderHeads : RHP Jose Vela
|
|
Batting: RHB Steve Kunselman
|
0-0: Ball 1-0: Ball 2-0: Ball 3-0: Called Strike 3-1: TRIPLE (Flyball, 78XD, EV 100.6 MPH)
|
|
Batting: RHB Jessie Fisher
|
0-0: SINGLE (Groundball, 6MD, EV 95.0 MPH) Steve Kunselman scores
|
|
Batting: RHB Kenny Ball
|
0-0: Called Strike 0-1: DOUBLE (Flyball, 8RD, EV 103.1 MPH) Jessie Fisher to third
|
|
Batting: SHB John Husson
|
0-0: Fly out, F8 (Flyball, 8RD, EV 101.2 MPH) Runner from 3rd tags up, SCORES, throw by CF Kenny Ball to third
|
|
Batting: LHB Chris Williams
|
0-0: Ball 1-0: Ball 2-0: Ball 3-0: Base on Balls
|
|
Batting: RHB Taffounnout Kame
|
0-0: Called Strike 0-1: Called Strike 0-2: Ball 1-2: Ball 2-2: Ball 3-2: SINGLE (Groundball, 5D, EV 95.6 MPH) Kenny Ball scores Chris Williams to second
|
|
Batting: LHB Vince McLane
|
0-0: Ball 1-0: Ball 2-0: Foul Ball, location: 2F 2-1: Fielders Choice at 2nd, 4-6 (Groundball, 4, EV 88.8 MPH) Chris Williams to third
|
|
Batting: RHB Er Le
|
0-0: Called Strike 0-1: Ball Passed Ball! Chris Williams scores Vince McLane to second 1-1: Ball 2-1: Foul Ball, location: 2F 2-2: Ball 3-2: Foul Ball, location: 2F 3-2: TRIPLE (Flyball, 78XD, EV 95.0 MPH) Vince McLane scores
|
|
Pitching: LHP Matt Hawk
|
|
|
Batting: RHB Aaron Bateman
|
0-0: Called Strike 0-1: Foul Ball, location: 2F 0-2: Strikes out swinging
|
| Bottom of the 8th over - 5 runs, 5 hits, 0 errors, 1 left on base; Amarillo 10 - Palm Beach 5 |
| TOP OF THE 9TH |
|
Amarillo ThunderHeads batting - Pitching for Palm Beach Nationals : RHP Mike Hamilton
|
|
Batting: RHB John Carbonneau
|
0-0: Called Strike 0-1: Ball 1-1: Foul Ball, location: 2F 1-2: Foul Ball, location: 2F 1-2: Fly out, F9 (Line Drive, 9LM, EV 92.5 MPH)
|
|
Batting: SHB Zack Barton
|
0-0: Ball 1-0: Called Strike 1-1: Hit by Pitch
|
|
Batting: RHB Bill Flannery
|
0-0: Ball Zack Barton steals 2nd base 1-0: Ball 2-0: Ball 3-0: Called Strike 3-1: Foul Ball, location: 2F 3-2: Fly out, F9 (Flyball, 9S, EV 73.1 MPH)
|
|
Batting: RHB Jerry Foster
|
0-0: Ball 1-0: Ball Zack Barton steals 3rd base (no throw) 2-0: Called Strike 2-1: Foul Ball, location: 2F 2-2: Ball 3-2: Foul Ball, location: 2F 3-2: Base on Balls
|
|
Pitching: RHP Ken Yeadon
|
|
|
Batting: LHB Santino Pisanello
|
0-0: Called Strike 0-1: Called Strike Jerry Foster is caught stealing 2nd base 2-6
|
| Top of the 9th over - 0 runs, 0 hits, 0 errors, 1 left on base; Amarillo 10 - Palm Beach 5 |
| BOTTOM OF THE 9TH |
|
Palm Beach Nationals batting - Pitching for Amarillo ThunderHeads : LHP Matt Hawk
|
|
Batting: RHB Steve Kunselman
|
0-0: Ball 1-0: Foul Ball, location: 2F 1-1: Foul Ball, location: 2F 1-2: Ball 2-2: Strikes out looking
|
|
Batting: RHB Jessie Fisher
|
0-0: Foul Ball, location: 2F 0-1: Called Strike 0-2: Strikes out swinging
|
|
Batting: RHB Justin Davenport
|
0-0: Swinging Strike 0-1: Foul Ball, location: 2F 0-2: SINGLE (Line Drive, 8RS, EV 106.2 MPH)
|
|
Pinch Hitting: RHB Scott Merritt
|
0-0: Ball 1-0: Ball 2-0: Ball 3-0: Called Strike 3-1: Called Strike 3-2: Foul Ball, location: 2F 3-2: Strikes out swinging
|
| Bottom of the 9th over - 0 runs, 1 hit, 0 errors, 1 left on base; Amarillo 10 - Palm Beach 5 |
|